 Dungeon Crawl Stone Soup version 0.24-a0-411-g4df2b1290f (webtiles) character file.

Game seed: 16227429117618409773

73 Ishchenko the Firebug (level 4, -2/30 HPs)
             Began as a Human Fire Elementalist on June 6, 2019.
             Slain by an orc
             ... wielding a +0 mace
              (8 damage)
             ... on level 3 of the Dungeon.
             The game lasted 00:10:39 (2291 turns).

Ishchenko the Firebug (Human Fire Elementalist)     Turns: 2291, Time: 00:10:40

Health: -2/30      AC:  3    Str:  8    XL:     4   Next: 51%
Magic:  3/7        EV: 12    Int: 16    God:
Gold:   124        SH:  0    Dex: 12    Spells: 1/7 levels left

rFire    + . .     SeeInvis .   g - +1 dagger (speed)
rCold    . . .     Gourm    .   (no shield)
rNeg     . . .     Faith    .   a - +0 robe
rPois    .         Spirit   .   (no helmet)
rElec    .         Reflect  .   m - +0 cloak
rCorr    .         Harm     .   (no gloves)
MR       .....                  (no boots)
Stlth    ++........             (no amulet)
HPRegen  0.10/turn              e - ring of protection from fire
MPRegen  0.10/turn              (no ring)

@: no status effects
A: clumsy 1, mutation resistance 2
a: no special abilities


You were on level 3 of the Dungeon.
You were not hungry.

You visited 1 branch of the dungeon, and saw 3 of its levels.

You collected 124 gold pieces.

Inventory:

Hand Weapons
 g - a +1 dagger of speed (weapon)
Armour
 a - a +0 robe (worn)
 m - a +0 cloak (worn)
Jewellery
 e - a ring of protection from fire (left hand)
Scrolls
 d - 2 scrolls of magic mapping {unknown}
 h - a scroll of remove curse {unknown}
 i - 3 scrolls of blinking {unknown}
 j - 2 scrolls of teleportation {unknown}
 k - 3 scrolls of enchant weapon {unknown}
 n - 3 scrolls of identify {unknown}
 p - a scroll of immolation {unknown}
 r - a scroll of fear {unknown}
Potions
 f - a potion of mutation
 l - a potion of agility {unknown}
 o - a potion of degeneration {unknown}
 q - a potion of curing {unknown}
Comestibles
 b - 3 chunks of flesh
 c - 5 rations


   Skills:
 + Level 2.2 Dodging
 + Level 2.2 Stealth
 + Level 2.3 Spellcasting
 + Level 2.0 Conjurations
 + Level 4.0 Fire Magic


You had one spell level left.
You knew the following spells:

 Your Spells              Type           Power        Failure   Level  Hunger
a - Flame Tongue          Conj/Fire      ##...        6%          1    #......
b - Throw Flame           Conj/Fire      ##....       9%          2    ###....
c - Conjure Flame         Conj/Fire      ##......     17%         3    ###....

Your spell library contained the following spells:

 Spells                   Type           Power        Failure   Level  Hunger
 Inner Flame              Hex/Fire       #.......     26%         3    ###....
 Sticky Flame             Conj/Fire      ##......     50%         4    #####..
 Fireball                 Conj/Fire      ##........   85%         5    ######.


Dungeon Overview and Level Annotations

Branches:
Dungeon (3/15)

Altars:
Wu Jian

Annotations:
D:2 Natasha


Innate Abilities, Weirdness & Mutations

You are clumsy. (Dex -2)
You are somewhat resistant to both further mutation and mutation removal.


Message History

The orc closely misses you.
The orc wizard gestures at you while chanting.
The puff of frost hits you!
* * * LOW HITPOINT WARNING * * *
You hear a shout! x2
Unknown command.
The orc wizard misses you. The orc closely misses you.
The orc wizard casts a spell at you. The magic dart hits you.
* * * LOW HITPOINT WARNING * * *
The orc wizard looks satisfied for a moment.
The orc wizard casts a spell.
The orc wizard seems to speed up.
There is a stone staircase leading down here.
The orc wizard begins to cast a cantrip, but forgets the words!
It was a potion of mutation.
You feel extremely strange.
You feel clumsy.
You feel genetically stable. x2
The orc hits you with a +0 mace!
You die...

#..................#
+..................#
#.............รท....#
#.....o.......<....#
#....)o..).........#
#..................#
#####.o#...........#
##o#.#####.#.#....
#@#.# ....#.### #.#.#
....# # #.#.# .....#
#.#.# .....# #.#.#
#.....# #.#.. #.###
#..


You could see an orc wizard and 3 orcs.

Vanquished Creatures
  3 adders
  An adder zombie (D:1)
  A worm (D:3)
  2 dart slugs (D:1)
  3 leopard geckos
  An orc (D:3)
  3 giant cockroaches
  3 goblins
  2 hobgoblins
  6 bats
  2 frilled lizards
  A kobold (D:2)
  A leopard gecko zombie (D:1)
  4 rats
33 creatures vanquished.

Notes
Turn   | Place    | Note
-------+----------+-------------------------------------------
     0 | D:1      | Ishchenko the Human Fire Elementalist began the quest for
                  | the Orb.
     0 | D:1      | Reached XP level 1. HP: 13/13 MP: 3/3
   109 | D:1      | Reached XP level 2. HP: 19/19 MP: 0/5
   479 | D:1      | Reached XP level 3. HP: 22/24 MP: 0/6
   600 | D:1      | Learned a level 2 spell: Throw Flame
   604 | D:1      | Learned a level 3 spell: Conjure Flame
   933 | D:2      | Noticed Natasha
  1439 | D:2      | Found a faded altar of an unknown god.
  1650 | D:2      | Reached XP level 4. HP: 23/30 MP: 1/7
  2100 | D:2      | Found an ornate altar of the Wu Jian Council.
  2166 | D:3      | Reached skill level 4 in Fire Magic
  2291 | D:3      | Gained mutation: You are clumsy. (Dex -2) [potion of
                  | mutation]
  2291 | D:3      | Gained mutation: You are somewhat resistant to further
                  | mutation. [potion of mutation]
  2291 | D:3      | Gained mutation: You are somewhat resistant to both further
                  | mutation and mutation removal. [potion of mutation]
  2291 | D:3      | Slain by an orc

Levels and vault maps discovered:
D:1:      saegor_arrival_fortress, layout_basic
D:2:      layout_loops_corners, nicolae_overflow_hidden_temple,
          chequers_ecumenical_altar_twisty, minmay_split_cup_small, uniq_natasha
D:3:      layout_basic, grunt_temple_overflow_diamond, serial_undead,
          serial_undead_d, serial_undead_b, serial_undead_a, serial_undead_e,
          portal_sewer_entry_b, xom_teletrap_fun, uniq_sigmund

Skill      XL: |  1  2  3  4 |
---------------+-------------+-----
Conjurations   | 2 |  2.0
Fire Magic     | 4 |  4.0
Dodging        | |  2.2
Stealth        | |  2.2
Spellcasting   | |  2.3

Action                   |  1- 3 |  4- 6 || total
-------------------------+-------+-------++-------
Melee: Dagger            |    14 |     9 ||    23
 Cast: Flame Tongue      |    60 |    17 ||    77
       Throw Flame       |     2 |       ||     2
  Use: Potion            |       |     1 ||     1
  Eat: Chunk             |     3 |     2 ||     5
Armor: Robe              |    13 |     3 ||    16
Dodge: Dodged            |    19 |     4 ||    23

Table legend:
 A = Non-vault XP
 B = Vault XP
 C = Vault XP percentage of total XP
 D = Non-vault monster count
 E = Vault monster count
 F = Vault count percentage of total count
                 A         B        C        D         E       F
            +---------+---------+-------+---------+---------+-------
      Total |      93 |      12 |  11.4 |      28 |       5 |  15.2
            +---------+---------+-------+---------+---------+-------
        D:1 |      28 |       7 |  20.0 |      14 |       2 |  12.5
        D:2 |      43 |       5 |  10.4 |      11 |       3 |  21.4
        D:3 |      22 |       0 |   0.0 |       3 |       0 |   0.0
            +---------+---------+-------+---------+---------+-------
